| TOP OF THE 1ST |
|
Joplin Blasters batting - Pitching for Tijuana Toros : LHP Bryan Rouse
|
|
Pitching: LHP Bryan Rouse
|
|
|
Batting: RHB Matt Belgard
|
0-0: Ball 1-0: Foul Ball, location: 2F 1-1: Ball 2-1: DOUBLE (Line Drive, 89D, EV 100.6 MPH)
|
|
Batting: RHB Dave Saldana
|
0-0: Called Strike 0-1: Foul Ball, location: 2F 0-2: Fly out, F9 (Flyball, 89M, EV 88.8 MPH)
|
|
Batting: LHB David Bearden
|
0-0: Called Strike Matt Belgard steals 3rd base (no throw) 0-1: Ball 1-1: Ball 2-1: Foul Ball, location: 2F 2-2: Strikes out swinging
|
|
Batting: RHB Justin Goff
|
0-0: Ball 1-0: Swinging Strike 1-1: Ball 2-1: Ball 3-1: Ground out 4-3 (Groundball, 4, EV 100.0 MPH)
|
| Top of the 1st over - 0 runs, 1 hit, 0 errors, 1 left on base; Joplin 0 - Tijuana 0 |
| BOTTOM OF THE 1ST |
|
Tijuana Toros batting - Pitching for Joplin Blasters : RHP Howie Seidler
|
|
Pitching: RHP Howie Seidler
|
|
|
Batting: LHB Nate Kee
|
0-0: Called Strike 0-1: Foul Ball, location: 2F 0-2: Strikes out swinging
|
|
Batting: RHB Chad Rojas
|
0-0: Ball 1-0: Foul Ball, location: 2F 1-1: Foul Ball, location: 2F 1-2: Strikes out looking
|
|
Batting: LHB Steve Pond
|
0-0: Ball 1-0: Foul Ball, location: 2F 1-1: Foul Ball, location: 2F 1-2: Ground out 5-3 (Groundball, 5, EV 83.8 MPH)
|
| Bottom of the 1st over - 0 runs, 0 hits, 0 errors, 0 left on base; Joplin 0 - Tijuana 0 |
| TOP OF THE 2ND |
|
Joplin Blasters batting - Pitching for Tijuana Toros : LHP Bryan Rouse
|
|
Batting: RHB Adam Krieger
|
0-0: Ball 1-0: Ball 2-0: Ball 3-0: Base on Balls
|
|
Pitching: RHP Jordan Amaker
|
|
|
Batting: LHB Josh Dalton
|
0-0: Ball 1-0: Called Strike Adam Krieger is caught stealing 2nd base 2-6 1-1: Called Strike 1-2: Strikes out swinging
|
|
Batting: SHB Sean Hill
|
0-0: Ground out 4-3 (Groundball, 4, EV 86.9 MPH)
|
| Top of the 2nd over - 0 runs, 0 hits, 0 errors, 0 left on base; Joplin 0 - Tijuana 0 |
| BOTTOM OF THE 2ND |
|
Tijuana Toros batting - Pitching for Joplin Blasters : RHP Howie Seidler
|
|
Batting: RHB Joe Bower
|
0-0: Called Strike 0-1: Fly out, F9 (Flyball, 9LM, EV 86.9 MPH)
|
|
Batting: LHB Mesfin Azagba
|
0-0: Called Strike 0-1: Ball 1-1: Swinging Strike 1-2: Foul Ball, location: 2F 1-2: Ball 2-2: Ball 3-2: Strikes out swinging
|
|
Batting: RHB Pat Adams
|
0-0: Ball 1-0: Called Strike 1-1: Ball 2-1: DOUBLE (Line Drive, 78D, EV 106.2 MPH)
|
|
Batting: RHB Mike Kaczor
|
0-0: Ball 1-0: Called Strike 1-1: Called Strike 1-2: Foul Ball, location: 2F 1-2: Foul Ball, location: 2F 1-2: Strikes out swinging
|
| Bottom of the 2nd over - 0 runs, 1 hit, 0 errors, 1 left on base; Joplin 0 - Tijuana 0 |
| TOP OF THE 3RD |
|
Joplin Blasters batting - Pitching for Tijuana Toros : RHP Jordan Amaker
|
|
Batting: RHB Edwin Ramos
|
0-0: Ball 1-0: Foul Ball, location: 2F 1-1: Ball 2-1: SINGLE (Line Drive, 4M, EV 105.6 MPH)
|
|
Batting: RHB Jason Birge
|
0-0: Called Strike Edwin Ramos is caught stealing 2nd base 2-4 0-1: Called Strike 0-2: Strikes out swinging, 2-3 out at first.
|
|
Batting: RHB Matt Belgard
|
0-0: Called Strike 0-1: Called Strike 0-2: Ball 1-2: Foul Ball, location: 2F 1-2: Ball 2-2: Strikes out swinging
|
| Top of the 3rd over - 0 runs, 1 hit, 0 errors, 0 left on base; Joplin 0 - Tijuana 0 |
| BOTTOM OF THE 3RD |
|
Tijuana Toros batting - Pitching for Joplin Blasters : RHP Howie Seidler
|
|
Batting: RHB Ruben Irizarry
|
0-0: Swinging Strike 0-1: Ball 1-1: Ball 2-1: Called Strike 2-2: Strikes out swinging
|
|
Batting: LHB Chris Buchan
|
0-0: Called Strike 0-1: Ball 1-1: Ball 2-1: Swinging Strike 2-2: Foul Ball, location: 2F 2-2: Strikes out swinging
|
|
Batting: LHB Nate Kee
|
0-0: Swinging Strike 0-1: Called Strike 0-2: Foul Ball, location: 2F 0-2: Ball 1-2: Ball 2-2: Foul Ball, location: 2F 2-2: Strikes out looking
|
| Bottom of the 3rd over - 0 runs, 0 hits, 0 errors, 0 left on base; Joplin 0 - Tijuana 0 |
| TOP OF THE 4TH |
|
Joplin Blasters batting - Pitching for Tijuana Toros : RHP Jordan Amaker
|
|
Pitching: RHP Gary Salazar
|
|
|
Batting: RHB Dave Saldana
|
0-0: Called Strike 0-1: SINGLE (Line Drive, 4MD, EV 105.6 MPH)
|
|
Batting: LHB David Bearden
|
0-0: Called Strike 0-1: Fielders Choice at 2nd, 5-4 (Groundball, 56S, EV 80.6 MPH)
|
|
Batting: RHB Justin Goff
|
0-0: Fly out, F8 (Flyball, 8RM, EV 93.1 MPH)
|
|
Batting: RHB Adam Krieger
|
0-0: Ball 1-0: Ball 2-0: Called Strike 2-1: SINGLE (Groundball, 6MS, EV 60.0 MPH) (infield hit) David Bearden to second
|
|
Batting: LHB Josh Dalton
|
0-0: SINGLE (Flyball, 6MD, EV 92.5 MPH) David Bearden to third Adam Krieger to second Runner from 3rd tries for Home, SAFE, throw by CF to home
|
|
Batting: SHB Sean Hill
|
0-0: Ball 1-0: Ball 2-0: Foul Ball, location: 2F 2-1: Ball 3-1: Base on Balls Adam Krieger to third Josh Dalton to second
|
|
Batting: RHB Edwin Ramos
|
0-0: Ball 1-0: Fielders Choice at 2nd, 5-4 (Groundball, 56, EV 100.0 MPH)
|
| Top of the 4th over - 1 run, 3 hits, 0 errors, 3 left on base; Joplin 1 - Tijuana 0 |
| BOTTOM OF THE 4TH |
|
Tijuana Toros batting - Pitching for Joplin Blasters : RHP Howie Seidler
|
|
Batting: RHB Chad Rojas
|
0-0: Ball 1-0: Ball 2-0: Ball 3-0: Base on Balls
|
|
Batting: LHB Steve Pond
|
0-0: SINGLE (Groundball, 56D, EV 97.5 MPH) Chad Rojas to second
|
|
Batting: RHB Joe Bower
|
0-0: Ball 1-0: Ball 2-0: Fly out, F8 (Flyball, 8LD, EV 97.5 MPH) Runner from 2nd tags up, SAFE at 3rd with throw by CF
|
|
Batting: LHB Mesfin Azagba
|
0-0: Called Strike Steve Pond steals 2nd base 0-1: Ball 1-1: Called Strike 1-2: Ball 2-2: Foul Ball, location: 2F 2-2: Ball 3-2: Foul Ball, location: 2F 3-2: Base on Balls
|
|
Batting: RHB Pat Adams
|
0-0: Foul Ball, location: 2F 0-1: Ball 1-1: Foul Ball, location: 2F 1-2: Ball 2-2: Ball 3-2: Grounds into fielders choice 4-2 (Groundball, 4, EV 84.4 MPH) Steve Pond to third Mesfin Azagba to second
|
|
Pitching: RHP Justin Potts
|
|
|
Batting: RHB Mike Kaczor
|
0-0: Fielders Choice at 2nd, 6-4 (Groundball, 6, EV 105.6 MPH)
|
| Bottom of the 4th over - 0 runs, 1 hit, 0 errors, 3 left on base; Joplin 1 - Tijuana 0 |
| TOP OF THE 5TH |
|
Joplin Blasters batting - Pitching for Tijuana Toros : RHP Gary Salazar
|
|
Batting: RHB Jason Birge
|
0-0: Ball 1-0: SOLO HOME RUN (Flyball, 7D, EV 98.8 MPH), Distance : 386 ft
|
|
Pitching: RHP Alfredo Sanchez
|
|
|
Batting: RHB Matt Belgard
|
0-0: Ball 1-0: Foul Ball, location: 2F 1-1: Called Strike 1-2: Ball 2-2: Ball 3-2: Ground out 5-3 (Groundball, 56, EV 84.4 MPH)
|
|
Batting: RHB Dave Saldana
|
0-0: Ball 1-0: Ball 2-0: Ball 3-0: Called Strike 3-1: Called Strike 3-2: SINGLE (Line Drive, 3D, EV 97.5 MPH)
|
|
Batting: LHB David Bearden
|
0-0: Ball 1-0: Ball 2-0: Ball 3-0: Base on Balls Dave Saldana to second
|
|
Batting: RHB Justin Goff
|
0-0: Called Strike 0-1: Called Strike 0-2: Foul Ball, location: 2F 0-2: Fly out, F7 (Flyball, 7D, EV 105.0 MPH)
|
|
Pitching: RHP Kevin Fleming
|
|
|
Batting: RHB Adam Krieger
|
0-0: Swinging Strike 0-1: Fly out, F6 (Line Drive, 6, EV 66.9 MPH)
|
| Top of the 5th over - 1 run, 2 hits, 0 errors, 2 left on base; Joplin 2 - Tijuana 0 |
| BOTTOM OF THE 5TH |
|
Tijuana Toros batting - Pitching for Joplin Blasters : RHP Justin Potts
|
|
Batting: RHB Ruben Irizarry
|
0-0: Ground out 4-3 (Groundball, 34, EV 80.0 MPH)
|
|
Batting: LHB Chris Buchan
|
0-0: Foul Ball, location: 2F 0-1: Foul Ball, location: 2F 0-2: DOUBLE (Flyball, 8RXD, EV 96.9 MPH)
|
|
Batting: LHB Nate Kee
|
0-0: TRIPLE (Flyball, 7D, EV 99.4 MPH) Chris Buchan scores
|
|
Batting: RHB Chad Rojas
|
0-0: Foul Ball, location: 2F 0-1: Called Strike 0-2: Ball 1-2: Ball 2-2: Foul Ball, location: 2F 2-2: Ball 3-2: SINGLE (Line Drive, 4D, EV 103.1 MPH) Nate Kee scores
|
|
Batting: LHB Steve Pond
|
0-0: Called Strike 0-1: Ball 1-1: Ball Chad Rojas steals 2nd base 2-1: Foul Ball, location: 2F 2-2: Reached on error, E6 (Groundball, 56D, EV 106.2 MPH) Chad Rojas scores
|
|
Batting: RHB Joe Bower
|
0-0: Ball 1-0: Ball 2-0: Ball 3-0: Called Strike 3-1: Swinging Strike 3-2: Strikes out looking
|
|
Batting: LHB Mesfin Azagba
|
0-0: Called Strike 0-1: Ball 1-1: SINGLE (Groundball, 34D, EV 97.5 MPH) Steve Pond to third Runner from 3rd tries for Home, throw by RF and OUT! 9-2
|
| Bottom of the 5th over - 3 runs, 4 hits, 1 error, 1 left on base; Joplin 2 - Tijuana 3 |
| TOP OF THE 6TH |
|
Joplin Blasters batting - Pitching for Tijuana Toros : RHP Kevin Fleming
|
|
Batting: LHB Josh Dalton
|
0-0: Ball 1-0: Fly out, F6 (Popup, 6, EV 56.9 MPH)
|
|
Batting: SHB Sean Hill
|
0-0: Ball 1-0: Ball 2-0: Foul Ball, location: 2F 2-1: Foul Ball, location: 2F 2-2: Foul Ball, location: 2F 2-2: Ball 3-2: DOUBLE (Groundball, 3L, EV 98.1 MPH)
|
|
Batting: RHB Edwin Ramos
|
0-0: Called Strike 0-1: Called Strike 0-2: Ball 1-2: Ball Wild Pitch! Sean Hill to third 2-2: Strikes out looking
|
|
Batting: SHB Ryoji Hiraoka
|
0-0: Called Strike 0-1: Called Strike 0-2: Foul Ball, location: 2F 0-2: Foul Ball, location: 2F 0-2: Strikes out swinging
|
| Top of the 6th over - 0 runs, 1 hit, 0 errors, 1 left on base; Joplin 2 - Tijuana 3 |
| BOTTOM OF THE 6TH |
|
Tijuana Toros batting - Pitching for Joplin Blasters : RHP Justin Potts
|
|
Pitching: RHP Greg Sell
|
|
|
Batting: RHB Pat Adams
|
0-0: Ball 1-0: Ball 2-0: Ball 3-0: Called Strike 3-1: Fly out, F4 (Line Drive, 4, EV 64.4 MPH)
|
|
Batting: RHB Mike Kaczor
|
0-0: Swinging Strike 0-1: DOUBLE (Groundball, 5L, EV 105.6 MPH)
|
|
Batting: RHB Ruben Irizarry
|
0-0: Foul Ball, location: 2F 0-1: Called Strike 0-2: Ball 1-2: Ball 2-2: Ball 3-2: Foul Ball, location: 2F 3-2: Strikes out swinging
|
|
Batting: LHB Chris Buchan
|
0-0: Ball 1-0: Foul Ball, location: 2F 1-1: Called Strike 1-2: Foul Ball, location: 2F 1-2: Foul Ball, location: 2F 1-2: Fly out, F7 (Flyball, 7LM, EV 88.8 MPH)
|
| Bottom of the 6th over - 0 runs, 1 hit, 0 errors, 1 left on base; Joplin 2 - Tijuana 3 |
| TOP OF THE 7TH |
|
Joplin Blasters batting - Pitching for Tijuana Toros : RHP Kevin Fleming
|
|
Pitching: RHP Andrew Telles
|
|
|
Batting: RHB Matt Belgard
|
0-0: Foul Ball, location: 2F 0-1: Ball 1-1: Called Strike 1-2: SINGLE (Groundball, 56D, EV 106.9 MPH)
|
|
Batting: RHB Dave Saldana
|
0-0: Ball 1-0: Ball 2-0: Bunted foul 2-1: Bunted foul 2-2: Ball 3-2: Foul Ball, location: 2F 3-2: Strikes out swinging
|
|
Batting: LHB David Bearden
|
0-0: Ball 1-0: Foul Ball, location: 2F 1-1: Ball 2-1: Foul Ball, location: 2F 2-2: DOUBLE (Groundball, 5L, EV 101.9 MPH) Matt Belgard to third
|
|
Batting: RHB Justin Goff
|
0-0: Ball 1-0: Fly out, F9 (Flyball, 9D, EV 98.8 MPH) Runner from 3rd tags up, SCORES, no throw by RF
|
|
Pitching: RHP Balinda Msrah
|
|
|
Batting: RHB Adam Krieger
|
0-0: SINGLE (Groundball, 6MD, EV 95.6 MPH) David Bearden to third Runner from 3rd tries for Home, SAFE, throw by CF to home
|
|
Batting: LHB Josh Dalton
|
0-0: Ball 1-0: Swinging Strike 1-1: 2-RUN HOME RUN (Flyball, 9D, EV 98.1 MPH), Distance : 377 ft
|
|
Batting: SHB Sean Hill
|
0-0: Ball 1-0: Foul Ball, location: 2F 1-1: Ball 2-1: Ball 3-1: Foul Ball, location: 2F 3-2: Foul Ball, location: 2F 3-2: Ground out 3-1 (Groundball, 34S, EV 81.9 MPH)
|
| Top of the 7th over - 4 runs, 4 hits, 0 errors, 0 left on base; Joplin 6 - Tijuana 3 |
| BOTTOM OF THE 7TH |
|
Tijuana Toros batting - Pitching for Joplin Blasters : RHP Greg Sell
|
|
Pitching: RHP Gary Ackerman
|
|
|
Batting: LHB Nate Kee
|
0-0: Fly out, F4 (Line Drive, 4, EV 60.0 MPH)
|
|
Batting: RHB Chad Rojas
|
0-0: Fly out, F9 (Flyball, 9, EV 88.8 MPH)
|
|
Batting: LHB Steve Pond
|
0-0: Called Strike 0-1: Ball 1-1: Foul Ball, location: 2F 1-2: Strikes out swinging
|
| Bottom of the 7th over - 0 runs, 0 hits, 0 errors, 0 left on base; Joplin 6 - Tijuana 3 |
| TOP OF THE 8TH |
|
Joplin Blasters batting - Pitching for Tijuana Toros : RHP Balinda Msrah
|
|
Batting: RHB Edwin Ramos
|
0-0: Called Strike 0-1: Ball 1-1: Foul Ball, location: 2F 1-2: Fly out, F6 (Popup, 4M, EV 55.6 MPH)
|
|
Batting: SHB Ryoji Hiraoka
|
0-0: Ball 1-0: Ground out 4-3 (Groundball, 4D, EV 79.4 MPH)
|
|
Batting: RHB Matt Belgard
|
0-0: Called Strike 0-1: SINGLE (Popup, 34S, EV 75.6 MPH)
|
|
Pitching: RHP Jeff Lewis
|
|
|
Batting: RHB Dave Saldana
|
0-0: Called Strike 0-1: Ball Wild Pitch! Matt Belgard to second 1-1: Swinging Strike 1-2: Ground out U3 (Groundball, 3, EV 106.2 MPH)
|
| Top of the 8th over - 0 runs, 1 hit, 0 errors, 1 left on base; Joplin 6 - Tijuana 3 |
| BOTTOM OF THE 8TH |
|
Tijuana Toros batting - Pitching for Joplin Blasters : RHP Gary Ackerman
|
|
Pitching: RHP John Barnett
|
|
|
Batting: RHB Joe Bower
|
0-0: SINGLE (Flyball, 9LS, EV 88.1 MPH) - OUT at second base trying to stretch hit.
|
|
Batting: LHB Mesfin Azagba
|
0-0: Foul Ball, location: 2F 0-1: Ball 1-1: Swinging Strike 1-2: Strikes out swinging
|
|
Batting: RHB Pat Adams
|
0-0: Ground out 4-3 (Groundball, 4, EV 90.6 MPH)
|
| Bottom of the 8th over - 0 runs, 1 hit, 0 errors, 0 left on base; Joplin 6 - Tijuana 3 |
| TOP OF THE 9TH |
|
Joplin Blasters batting - Pitching for Tijuana Toros : RHP Jeff Lewis
|
|
Batting: LHB David Bearden
|
0-0: Ball 1-0: Called Strike 1-1: DOUBLE (Flyball, 9LD, EV 106.2 MPH)
|
|
Batting: RHB Justin Goff
|
0-0: Intentional Walk
|
|
Batting: RHB Adam Krieger
|
0-0: Called Strike 0-1: Foul Ball, location: 2F 0-2: Ball 1-2: Foul Ball, location: 2F 1-2: Ball 2-2: SINGLE (Groundball, 56D, EV 101.2 MPH) David Bearden to third Justin Goff to second
|
|
Batting: LHB Josh Dalton
|
0-0: Foul Ball, location: 2F 0-1: DOUBLE (Flyball, 78XD, EV 107.5 MPH) David Bearden scores Justin Goff scores Adam Krieger to third
|
|
Batting: SHB Sean Hill
|
0-0: Foul Ball, location: 2F 0-1: 3-RUN HOME RUN (Flyball, 9LD, EV 91.9 MPH), Distance : 343 ft
|
|
Batting: RHB Edwin Ramos
|
0-0: Called Strike 0-1: Swinging Strike 0-2: Ball 1-2: Fly out, F8 (Flyball, 8RM, EV 90.6 MPH)
|
|
Batting: SHB Ryoji Hiraoka
|
0-0: Ball 1-0: Ball 2-0: Ball 3-0: Foul Ball, location: 2F 3-1: Base on Balls
|
|
Pinch Hitting: RHB Carlos Santoni
|
0-0: Called Strike 0-1: Swinging Strike 0-2: Ball 1-2: Ball 2-2: Ball 3-2: Strikes out swinging
|
|
Pinch Hitting: RHB Kevin Wimberly
|
0-0: Ball 1-0: Called Strike 1-1: 2-RUN HOME RUN (Flyball, 7LD, EV 97.5 MPH), Distance : 394 ft
|
|
Pitching: RHP John Hanson
|
|
|
Pinch Hitting: RHB Bobby Matyas
|
0-0: DOUBLE (Line Drive, 9LM, EV 112.5 MPH)
|
|
Batting: RHB Justin Goff
|
0-0: Called Strike 0-1: Ball 1-1: Swinging Strike 1-2: Ball 2-2: Foul Ball, location: 2F 2-2: SINGLE (Groundball, 34D, EV 98.1 MPH) Bobby Matyas to third Runner from 3rd tries for Home, SAFE, throw by RF to home Justin Goff to second
|
|
Batting: RHB Adam Krieger
|
0-0: Called Strike 0-1: SINGLE (Groundball, 6D, EV 101.9 MPH) Justin Goff to third Runner from 3rd tries for Home, SAFE, throw by LF to home Adam Krieger to second
|
|
Batting: LHB Josh Dalton
|
0-0: Foul Ball, location: 2F 0-1: Called Strike 0-2: Strikes out looking
|
| Top of the 9th over - 9 runs, 8 hits, 0 errors, 1 left on base; Joplin 15 - Tijuana 3 |
| BOTTOM OF THE 9TH |
|
Tijuana Toros batting - Pitching for Joplin Blasters : RHP John Barnett
|
|
Now at SS: Carlos Santoni
|
|
|
Now in LF: Bobby Matyas
|
|
|
Now in CF: Kevin Wimberly
|
|
|
Pinch Hitting: RHB Will Barksdale
|
0-0: Foul Ball, location: 2F 0-1: Called Strike 0-2: Ball 1-2: Ball 2-2: Ball 3-2: Base on Balls
|
|
Batting: RHB Ruben Irizarry
|
0-0: Ball 1-0: Foul Ball, location: 2F 1-1: Fly out, F3 (Popup, 34, EV 78.1 MPH)
|
|
Batting: LHB Chris Buchan
|
0-0: Called Strike 0-1: Ball 1-1: Fly out, F9 (Flyball, 9S, EV 95.0 MPH)
|
|
Pinch Hitting: RHB Theo Schepers
|
0-0: Fly out, F8 (Flyball, 8RD, EV 81.9 MPH)
|
| Bottom of the 9th over - 0 runs, 0 hits, 0 errors, 1 left on base; Joplin 15 - Tijuana 3 |
|